 Dungeon Crawl Stone Soup version 0.28.0-47-ge53b351184 (webtiles) character file.

Game seed: 5581209632285351789

79 101zpm the Magician (level 4, -3/24 HPs)
             Began as a Deep Elf Hedge Wizard on Apr 25, 2022.
             Slain by a gnoll
             ... wielding a +0 whip
              (4 damage)
             ... on level 3 of the Dungeon.
             The game lasted 00:05:41 (2667 turns).

101zpm the Magician (Deep Elf Hedge Wizard)         Turns: 2667, Time: 00:05:41

Health: -3/24      AC:  2    Str:  7    XL:     4   Next: 16%
Magic:  2/13       EV: 12    Int: 21    God:
Gold:   80         SH:  0    Dex: 14    Spells: 13/14 levels left

rFire   . . .      SeeInvis .   a - +0 dagger
rCold   . . .      Faith    .   (no shield)
rNeg    . . .      Spirit   .   b - +0 robe
rPois   .          Reflect  .   c - +0 hat
rElec   .          Harm     .   (no cloak)
rCorr   .          Rampage  .   (no gloves)
Will    .....                   (no boots)
Stlth   ++........              (no amulet)
HPRegen 0.08/turn               (no ring)
MPRegen 0.13/turn               (no ring)

@: no status effects
A: no striking features
a: no special abilities


You were on level 3 of the Dungeon.
You visited 1 branch of the dungeon, and saw 4 of its levels.

You collected 80 gold pieces.

Inventory:

Hand Weapons
 a - a +0 dagger (weapon)
Armour
 b - a +0 robe (worn)
 c - a +0 hat (worn)
Magical Staves
 h - a staff of earth
Scrolls
 d - a scroll of enchant weapon {unknown}
 e - a scroll of teleportation {unknown}
 i - a scroll of acquirement {unknown}
 j - 3 scrolls of identify {unknown}
 l - a scroll of amnesia {unknown}
 n - a scroll of fear {unknown}
 o - a scroll of vulnerability {unknown}
 p - a scroll of brand weapon {unknown}
Potions
 f - a potion of heal wounds {unknown}
 g - a potion of magic {unknown}
 k - 2 potions of flight {unknown}
 m - a potion of resistance {unknown}
 q - a potion of might {unknown}


   Skills:
 + Level 0.2 Short Blades
 + Level 2.7 Dodging
 + Level 2.4 Stealth
 + Level 5.9 Spellcasting
 + Level 2.7 Conjurations
 + Level 1.1 Summonings
 + Level 1.1 Translocations


You had 13 spell levels left.
You knew the following spells:

 Your Spells              Type           Power      Damage    Failure   Level
a - Magic Dart            Conj           68%        1d6       3%          1

Your spell library contained the following spells:

 Spells                   Type           Power      Damage    Failure   Level
 Slow                     Hex            24%        N/A       10%         1
 Blink                    Tloc           20%        N/A       10%         2
 Call Imp                 Summ           10%        N/A       10%         2
 Ensorcelled Hibernation  Hex/Ice        12%        N/A       16%         2
 Passwall                 Tmut/Erth      5%         N/A       16%         2
 Conjure Flame            Conj/Fire      12%        6-21      17%         3
 Mephitic Cloud           Conj/Pois/Air  10%        N/A       21%         3
 Swiftness                Air            6%         N/A       30%         3
 Petrify                  Tmut/Erth      6%         N/A       69%         4
 Metabolic Englaciation   Hex/Ice        3%         N/A       95%         5
 Statue Form              Tmut/Erth      4%         N/A       100%        6


Dungeon Overview and Level Annotations

Branches:
Dungeon (4/15)
 Temple: D:4-7

Altars:


Message History

Nothing appears to happen.
The gnoll hits you from afar with a +0 spear.
The magic dart hits the gnoll.
The gnoll is lightly wounded.
The gnoll hits you from afar with a +0 spear.
The gnoll shaman calls upon its god to heal the gnoll.
The gnoll's wounds heal themselves!
A gnoll comes into view. It is wielding a +0 spear.
You are too injured to fight recklessly!
The gnoll misses you.
Your magical contamination has completely faded away.
Found a stone staircase leading down.
There is an escape hatch in the ceiling here.
A mysterious force pulls you upwards. The hatch slams shut behind you.
You are too injured to fight recklessly!
You are too injured to fight recklessly!
You are too injured to fight recklessly!
Aiming: Magic Dart (safe; 3% risk of failure)
Press: ? - help, Q - select action Shift-Dir - straight line, f - gnoll
Aim: a gnoll, wielding a +0 whip (100% to hit)
The magic dart hits the gnoll.
The gnoll is lightly wounded.
The gnoll hits you with a +0 whip.
* * * LOW HITPOINT WARNING * * *
Aiming: Magic Dart (safe; 3% risk of failure)
Press: ? - help, Q - select action Shift-Dir - straight line, f/p - gnoll
Aim: a gnoll, wielding a +0 whip (lightly wounded, 100% to hit)
The magic dart hits the gnoll.
The gnoll is moderately wounded.
The gnoll misses you.
Aiming: Magic Dart (safe; 3% risk of failure)
Press: ? - help, Q - select action Shift-Dir - straight line, f/p - gnoll
Aim: a gnoll, wielding a +0 whip (moderately wounded, 100% to hit)
The magic dart hits the gnoll.
The gnoll is heavily wounded.
The gnoll hits you with a +0 whip.
* * * LOW HITPOINT WARNING * * *
The gnoll closely misses you. The gnoll hits you with a +0 whip.
You die...

..##### #.##.####...##
.## #.##.## #....# ## ###
####.##..# #....#
####.####........# #....#
.................# ######
########†........###
##.....†....#
######.......##.#
####....>.......@g.###
#....####.......#....####
..#### #.......###.....#
### ######### #.....#
#.....# ###...# #...#
#...# #...#


You could see a gnoll.

Vanquished Creatures
  A gnoll (D:4)
  2 adders
  2 worms
  A dart slug (D:2)
  4 orcs (D:3)
  3 bats
  4 endoplasms
  2 giant cockroaches
  2 goblins
  2 hobgoblins (D:3)
  A quokka (D:3)
  3 ball pythons
  5 frilled lizards
  3 kobolds
  6 rats
41 creatures vanquished.

Notes
Turn   | Place    | Note
-------+----------+-------------------------------------------
     0 | D:1      | 101zpm the Deep Elf Hedge Wizard began the quest for the
                  | Orb.
     0 | D:1      | Reached XP level 1. HP: 10/10 MP: 7/7
   538 | D:3      | Reached XP level 2. HP: 15/15 MP: 6/9
   585 | D:3      | Reached skill level 5 in Spellcasting
  1201 | D:2      | Reached XP level 3. HP: 19/19 MP: 4/12
  1936 | D:1      | Found a faded altar of an unknown god.
  2461 | D:3      | Reached XP level 4. HP: 24/24 MP: 10/13
  2662 | D:3      | HP: 1/24 [gnoll/+0 whip (6)]
  2667 | D:3      | Slain by a gnoll

Illustrated notes

Levels and vault maps discovered:
D:1:      psy_arrival_whirlpool, layout_basic, basic_ecumenical_altar
D:2:      wad_pebble_path, layout_basic, corexii_item_surrounded_by_moat
D:3:      layout_rooms
D:4:      layout_basic, minmay_misc_feat_iff, uniq_sigmund

Skill      XL: |  1  2  3 |
---------------+----------+-----
Spellcasting   | 5 |  5.9
Conjurations   | 2 |  2.7
Short Blades   | |  0.2
Dodging        | |  2.7
Stealth        | |  2.4
Summonings     | |  1.1
Translocations | |  1.1

Action                   |  1- 3 |  4- 6 || total
-------------------------+-------+-------++-------
Melee: Dagger            |     3 |       ||     3
 Cast: Magic Dart        |    99 |    14 ||   113
Armor: Robe              |     3 |       ||     3
Dodge: Dodged            |    13 |     4 ||    17
